 Dungeon Crawl Stone Soup version 0.20.0-15-g7f486f2 (webtiles) character file.

130 KleinerIrrer the Shield-Bearer (level 5, -6/33 HPs)
             Began as a Gargoyle Fighter on June 25, 2017.
             Killed by divine providence
             ... invoked by an orc priest
              (12 damage)
             ... on level 4 of the Dungeon.
             The game lasted 00:03:38 (1577 turns).

KleinerIrrer the Shield-Bearer (Gargoyle Fighter)   Turns: 1577, Time: 00:03:38

Health: -6/33      AC: 11    Str: 25    XL:     5   Next: 14%
Magic:  5/5        EV:  8    Int:  9    God:
Gold:   102        SH: 10    Dex:  9    Spells: 4/4 levels left

rFire    . . .     SeeInvis .   a - +0 flail
rCold    . . .     Gourm    .   c - +0 shield
rNeg     + . .     Faith    .   o - +0 ring mail (curse)
rPois    ∞         Spirit   .   t - +0 helmet
rElec    +         Reflect  .   (no cloak)
rCorr    .         Harm     .   (no gloves)
MR       .....                  (no boots)
Stlth    +.........             (no amulet)
Regen    0.2/turn               (no ring)
MPRegen  0.1/turn               (no ring)

@: mighty
A: negative energy resistance 1, electricity resistance, unbreathing,
petrification resistance, rot immunity, AC +4
a: no special abilities


You were on level 4 of the Dungeon.
You were very hungry.

You visited 1 branch of the dungeon, and saw 4 of its levels.

You collected 102 gold pieces.

Inventory:

Hand Weapons
 a - a +0 flail (weapon)
Armour
 b - a +0 scale mail
 c - a +0 shield (worn)
 o - a cursed +0 ring mail (worn)
 t - a +0 helmet (worn)
Wands
 s - a wand of disintegration (8/24)
Scrolls
 g - 2 scrolls of remove curse {unknown}
 n - 2 scrolls of teleportation
 q - a scroll of random uselessness {unknown}
 r - a scroll of amnesia {unknown}
Potions
 d - a potion of might
 e - a potion of haste {unknown}
 h - a potion of invisibility
 k - 3 potions of curing {unknown}
 l - a potion of mutation {unknown}
 m - a potion of berserk rage {unknown}
 p - 3 potions of heal wounds {unknown}
 u - a potion of brilliance {unknown}
Comestibles
 f - 2 bread rations
 i - 3 royal jellies
 j - 5 fruits


   Skills:
 + Level 3.8 Fighting
 + Level 3.0 Maces & Flails
 + Level 3.9 Armour
 + Level 0.8 Dodging
 - Level 0.5 Stealth
 + Level 4.4 Shields


You had 4 spell levels left.
You didn't know any spells.

Dungeon Overview and Level Annotations

Branches:
Dungeon (4/15)
 Temple: D:4-7

Altars:

Annotations:
D:4 Eustachio


Innate Abilities, Weirdness & Mutations

You are resistant to torment.
Your stone body is resilient. (AC +4)
You are immune to poison.
You resist negative energy. (rN+)
You are resistant to electric shocks. (rElec)
You can survive without breathing.
You are immune to petrification.
You are immune to rotting.


Message History

The orc priest is severely wounded.
You block the orc priest's attack.
You closely miss the orc priest.
The orc priest is severely wounded.
The orc priest mumbles some strange prayers to Beogh against you.
Pain shoots through your body!
* * * LOW HITPOINT WARNING * * *
You closely miss the orc priest.
The orc priest is severely wounded.
You block the orc priest's attack.
You closely miss the orc priest.
The orc priest is severely wounded.
The orc priest barely misses you.
Eustachio mumbles some strange words.
The orc priest hits you but does no damage.
You barely miss the orc priest.
The orc priest is severely wounded.
The orc priest mumbles some strange prayers to Beogh against you.
Beogh smites you!
You die...

#.##.# #..## #.##.#
#.. #.##[# #..#
#.##.###.. #.##......
# ##.........
#.##.#######..........
#....†......#.#######
.#####@######.# #o#
#.# #o# #.# #o# #.#
#r# #.#


bJl .. 5@5 ..r You could see Eustachio, an orc priest, an ooze, a white imp, 2
orcs, an ufetubus, a leopard gecko, a bat and 2 rats.

Vanquished Creatures
  A scorpion (D:4)
  A hound skeleton (D:4)
  2 adders
  An ooze (D:1)
  An adder skeleton (D:4)
  2 dart slugs
  A leopard gecko (D:4)
  An orc (D:4)
  A ball python (D:1)
  3 giant cockroaches
  5 goblins
  5 hobgoblins
  2 jackals (D:1)
  3 bats
  A frilled lizard (D:2)
  8 kobolds
  5 rats
43 creatures vanquished.

Notes
Turn   | Place    | Note
-------+----------+-------------------------------------------
     0 | D:1      | KleinerIrrer the Gargoyle Fighter began the quest for the Orb.
     0 | D:1      | Reached XP level 1. HP: 14/14 MP: 1/1
   190 | D:1      | Reached XP level 2. HP: 18/19 MP: 2/2
   682 | D:2      | Reached XP level 3. HP: 23/23 MP: 3/3
  1097 | D:3      | Reached skill level 4 in Shields
  1201 | D:4      | Noticed a scorpion
  1219 | D:4      | Killed a scorpion
  1219 | D:4      | Reached XP level 4. HP: 5/29 MP: 4/4
  1540 | D:4      | Reached XP level 5. HP: 28/33 MP: 5/5
  1554 | D:4      | Noticed Eustachio
  1577 | D:4      | Killed from afar by an orc priest

Skill      XL: |  1  2  3  4 |
---------------+-------------+-----
Shields        | 4 |  4.4
Maces & Flails | 3 |  3.0
Fighting       | |  3.8
Armour         | |  3.9
Dodging        | |  0.8
Stealth        | |  0.5

Action                   |  1- 3 |  4- 6 || total
-------------------------+-------+-------++-------
Melee: Flail             |   130 |    38 ||   168
  Use: Scroll            |     4 |       ||     4
       Potion            |       |     1 ||     1
  Eat: Chunk             |     1 |       ||     1
Armor: Scale mail        |    24 |       ||    24
       Ring mail         |    42 |    22 ||    64
Dodge: Dodged            |    36 |    14 ||    50
Block: Shield            |    68 |    18 ||    86
